 Dungeon Crawl Stone Soup version 0.19-a0-1920-g83281cb (webtiles) character file.

354234 varam the Wrestler (level 21, -21/200 HPs)
             Began as a Troll Monk on Oct 23, 2016.
             Was the Champion of Okawaru.
             Killed from afar by a fire giant (36 damage)
             ... with a bolt of fire
             ... on level 1 of the Depths.
             The game lasted 04:12:44 (53442 turns).

varam the Wrestler (Troll Monk)                    Turns: 53442, Time: 04:12:45

Health: -21/200    AC: 26    Str: 25    XL:     21   Next: 35%
Magic:  27/27      EV: 21    Int: 10    God:    Okawaru [******]
Gold:   720        SH:  0    Dex: 21    Spells: 1 memorised, 22 levels left

rFire  . . .     SeeInvis .       - Unarmed
rCold  + . .     Gourm    +     i - quicksilver dragon scales
rNeg   + . .     Faith    +     (no shield)
rPois  +         Spirit   .     P - +2 hat of Ufuydwof {*Drain rC+ rN+ rCorr Int+4}
rElec  .         Reflect  .     g - +2 cloak {rPois}
rCorr  +         Harm     .     (gloves unavailable)
MR     +++..                    (boots unavailable)
Stlth  +.........               W - amulet of faith
                                p - ring of protection from magic
                                t - ring of Juke {AC+5 Dex+2}

@: about to teleport
A: unfitting armour, claws 3, blink, fast metabolism 3, gourmand, high mp 1,
regeneration 1, shaggy fur 1, tough skin 2
a: Blink, Heroism, Finesse, Renounce Religion
}: 2/15 runes: serpentine, barnacled


You were on level 1 of the Depths.
You worshipped Okawaru.
Okawaru was exalted by your worship.
You were full.

You visited 7 branches of the dungeon, and saw 37 of its levels.
You also visited: Ice Cave and Volcano.

You collected 4464 gold pieces.
You spent 3744 gold pieces at shops.

Inventory:

Missiles
 h - 13 poisoned javelins
 n - 30 steel javelins
 r - 95 large rocks (quivered)
 D - a tomahawk of dispersal
 L - 14 silver javelins
 S - 32 javelins of penetration
 Y - 7 throwing nets
Armour
 g - a +2 cloak of poison resistance (worn)
 i - quicksilver dragon scales (worn)
 P - the +2 hat of Ufuydwof (worn) {*Drain rC+ rN+ rCorr Int+4}
   (Okawaru gifted it to you on level 14 of the Dungeon)

   It affects your intelligence (+4).
   It protects you from cold.
   It protects you from negative energy.
   It protects you from acid and corrosion.
   It causes draining when unequipped.
Rods
 d - a +3 iron rod (12/12)
   (You found it in an ice cave)
 J - a +1 rod of ignition (14/14)
   (You took it off a naga warrior on level 4 of the Snake Pit)
Jewellery
 a - an uncursed ring of protection from cold
 o - the ring of Gim Nitz {Wiz rPois SInv}
   (You found it on level 4 of the Shoals)

   [ring of wizardry]

   It improves your spell success rate.
   It protects you from poison.
   It lets you see invisible.
 p - a ring of protection from magic (right claw)
 q - the ring "Vixzi" {rCorr rF+ rC- Dex+2}
   (You found it on level 6 of the Lair of Beasts)

   [ring of resist corrosion]

   It affects your dexterity (+2).
   It protects you from fire.
   It makes you vulnerable to cold.
 t - the ring of Juke (left claw) {AC+5 Dex+2}
   (You found it on level 6 of the Lair of Beasts)

   [ring of protection]

   It affects your AC (+5).
   It affects your dexterity (+2).
 N - a +4 amulet of reflection
 W - an amulet of faith (around neck)
Wands
 x - a wand of teleportation (6/9)
 Z - a wand of digging (14/24)
Scrolls
 e - 19 scrolls of remove curse {@r2}
 j - 6 scrolls of teleportation
 v - 5 scrolls of blinking
 y - 3 scrolls of fear
 B - 6 scrolls of identify {@r1}
 F - 8 scrolls of fog
 G - 5 scrolls of magic mapping
 I - 2 scrolls of summoning
 V - a scroll of torment
Potions
 c - 21 potions of curing {@q1}
 m - a potion of resistance
 u - 2 potions of berserk rage
 C - 2 potions of agility
 H - 3 potions of flight
 K - 4 potions of heal wounds
 O - 5 potions of haste
 Q - 4 potions of might
Miscellaneous
 k - a lamp of fire (inert)
 E - a box of beasts
Comestibles
 b - 6 meat rations
 l - 2 bread rations


   Skills:
 + Level 10.7 Fighting
 + Level 12.4 Throwing
 + Level 9.9 Armour
 + Level 15.8 Dodging
 - Level 1.0 Stealth
   Level 5.4 Shields
 + Level 22.5 Unarmed Combat
 - Level 2.0 Spellcasting
 - Level 2.0 Charms
 - Level 0.4 Air Magic
 - Level 6.2 Invocations
 + Level 6.8 Evocations


You had 22 spell levels left.
You knew the following spells:

 Your Spells              Type           Power        Failure   Level  Hunger
a - Repel Missiles        Chrm/Air       #.....       43%         2    ###....


Dungeon Overview and Level Annotations

Branches:
Dungeon (15/15)            Temple (0/1) D:6            Lair (6/6) D:10
 Shoals (4/4) Lair:3        Snake (4/4) Lair:2        Slime (0/5) Lair:6
    Orc (2/2) D:9             Elf (0/3) Orc:2        Vaults (4/5) D:14
  Crypt (0/3) Vaults:3     Depths (2/5) D:15

Altars:
Cheibriados
Dithmenos
Fedhas
Kikubaaqudgha
Makhleb
Nemelex Xobeh
Okawaru
Qazlal
Ru
Uskayaw
Vehumet
Xom
Yredelemnul
The Shining One
Beogh

Shops:
D:8 =   D:12 (   Orc:1 (   Orc:2 [([[   Shoals:2 %   Shoals:4 ?(   Vaults:2 (
Vaults:3 [[   Vaults:4 [!%[

Portals:
Hell: Depths:2
Abyss: Depths:1

Annotations:
D:3 exclusion: oklob plant


Innate Abilities, Weirdness & Mutations

You are too large for most types of armour.
You have claws for hands.
Your metabolism is lightning-fast.
You like to eat raw meat.
Your natural rate of healing is unusually fast.
You are covered in fur. (AC +1)
You have very tough skin. (AC +2)
You can translocate small distances at will.
You have an increased reservoir of magic. (+10% MP)


Message History

The deep troll earth mage misses you. The fire giant casts a spell at you.
The bolt of fire hits you!
* * * LOW HITPOINT WARNING * * *
The deep troll shaman shouts!
You climb upwards.
The battlesphere dissipates.
There is a stone staircase leading down here.
The deep troll earth mage bites you but does no damage.
The deep troll earth mage misses you. The deep troll earth mage claws you!
* * * LOW HITPOINT WARNING * * *
As you read the scroll of teleportation, it crumbles to dust.
You feel strangely unstable.
The deep troll earth mage completely misses you.
The deep troll earth mage barely misses you.
The deep troll earth mage misses you. The deep troll earth mage bites you!
* * * LOW HITPOINT WARNING * * *
The deep troll earth mage claws you but does no damage. x2
The fire giant casts a spell at you. The bolt of fire hits you!
You die...

# .....## # ......# # ......#
# ......# ###################
......#
.......#.#8∩8#....####.......
.........##'##...............
...............CTT...........
.(..............@...........?
.............................
.....#.......................
...#.#..#......#..(#.........
##########..#########.......#
# #.## ##......# # ### ... #
#


You could see a fire giant and 2 deep troll earth magi.

Vanquished Creatures
  Boris (Vaults:4)
  Sojobo (Vaults:4)
  Polyphemus (Shoals:4)
  3 tengu reavers
  6 nagarajas
  Ilsuiw (Shoals:4)
  2 frost giants
  6 fire giants
  Louise (Snake:2)
  3 orc warlords
  8 vault wardens
  4 very ugly things
  9 stone giants
  5 ironheart preservers
  An entropy weaver (Vaults:1)
  Azrael (D:13)
  A deep elf annihilator (Vaults:2)
  A dire elephant (Lair:6)
  7 merfolk javelineers
  3 ettins
  Josephine (Shoals:1)
  2 fire dragons
  8 ogre magi
  11 merfolk impalers
  4 yaktaur captains
  Harold (Lair:2)
  9 great orbs of eyes
  4 hydras
  A rakshasa (Vaults:1)
  26 naga warriors
  2 ice dragons (Vaults:1)
  5 catoblepae
  A satyr (Shoals:4)
  The ghost of p0werm0de the Martial Artist, a journeyman DsAs of Cheibriados (Volcano)
  A merfolk avatar (Shoals:3)
  11 centaur warriors
  16 anacondas
  3 vault guards
  3 death knights
  5 merfolk aquamancers
  19 death yaks
  2 deep troll shamans (Vaults:2)
  4 tengu warriors
  12 shock serpents
  6 naga sharpshooters (Snake:4)
  6 deep elf knights
  3 shadow wraiths
  3 salamander mystics
  An unseen horror (D:10)
  10 skeletal warriors
  6 deep trolls (Vaults:2)
  10 naga ritualists
  22 sea snakes
  2 deep elf archers
  8 wizards
  12 orc knights
  A hill giant (shapeshifter) (Vaults:1)
  An anaconda skeleton (Volcano)
  7 deep elf magi
  10 ironbrand convokers
  11 hill giants
  9 necromancers
  21 mana vipers
  24 harpies
  A tengu skeleton (Vaults:3)
  A lindwurm (shapeshifter) (Vaults:1)
  12 manticores
  5 wolf spiders
  A shining eye (shapeshifter) (Vaults:2)
  5 orc sorcerers
  14 salamanders
  43 ugly things
  10 fauns
  16 elephants
  39 black mambas
  18 guardian serpents
  2 centaur zombies
  12 vault sentinels
  14 sirens
  11 cyclopes
  A frost giant skeleton (Vaults:1)
  22 naga magi
  A torpor snail (Lair:5)
  2 human skeletons
  8 spiny frogs
  3 gargoyles (Volcano)
  2 ice statues (IceCv)
  6 water nymphs
  4 rime drakes
  A yaktaur (shapeshifter) (Vaults:1)
  2 kobold demonologists
  An efreet (D:14)
  11 komodo dragons
  26 yaktaurs
  8 freezing wraiths
  2 jumping spiders (shapeshifter)
  A polar bear (Lair:6)
  A harpy zombie (D:15)
  30 merfolk
  8 wind drakes
  19 two-headed ogres
  A troll (shapeshifter) (Vaults:2)
  11 trolls
  2 hornets
  A harpy skeleton (Volcano)
  A tengu simulacrum (Vaults:3)
  16 dream sheep
  16 slime creatures
  A blink frog (shapeshifter) (D:15)
  19 blink frogs
  14 hippogriffs
  An ettin zombie (Vaults:3)
  9 snapping turtles
  6 redbacks (Snake:4)
  3 flying skulls (Volcano)
  A shadow (D:14)
  A stone giant simulacrum (Vaults:4)
  A centaur simulacrum (D:15)
  2 vampires
  4 hogs (D:8)
  9 wraiths
  6 wyverns
  19 humans
  3 basilisks
  69 yaks
  Grum (D:11)
  A basilisk (shapeshifter) (D:13)
  2 water elementals (Shoals:4)
  2 fire elementals (D:13)
  A fire bat (shapeshifter) (Depths:2)
  A human simulacrum (Vaults:2)
  A hungry ghost (Shoals:1)
  A steam dragon (D:15)
  6 vampire mosquitoes (D:14)
  5 mottled dragons
  62 nagas
  7 wargs
  14 water moccasins
  A swamp drake (D:9)
  4 hell hounds
  7 porcupines
  3 black bears
  19 ice beasts
  34 orc warriors
  2 phantoms
  A black bear (shapeshifter) (Vaults:2)
  2 human zombies (Vaults:2)
  38 ogres
  2 hornet zombies
  An orc zombie (Vaults:1)
  An eye of draining (D:11)
  7 sky beasts
  An elf skeleton (Vaults:3)
  4 boggarts (Vaults:1)
  18 wolves
  17 centaurs
  An orc skeleton (Vaults:2)
  A big kobold (D:7)
  9 crocodiles
  23 bullfrogs
  A glowing shapeshifter simulacrum (Vaults:1)
  A water moccasin zombie (D:11)
  5 scorpions
  11 killer bees
  A troll skeleton (Volcano)
  11 wights
  2 howler monkeys
  A spriggan skeleton (Volcano)
  2 crimson imps
  2 quasits
  7 bullfrog skeletons
  8 hounds
  A jelly (D:4)
  Crazy Yiuf (D:5)
  27 orc priests
  6 centaur skeletons
  7 iguanas
  4 hell rats
  32 orc wizards
  16 worker ants
  A killer bee zombie (D:8)
  A naga skeleton (Volcano)
  A hound skeleton (D:7)
  A worker ant zombie (D:11)
  3 gnolls (D:9)
  A howler monkey skeleton (D:5)
  10 adders
  2 shadow imps
  A white imp (Vaults:3)
  4 adder skeletons
  2 worms
  4 dart slugs
  6 leopard geckos
  96 orcs
  4 giant cockroaches
  9 goblins
  2 hobgoblins (D:3)
  4 jackals (D:4)
  4 quokkas
  A ball python (D:3)
  11 bats
  7 frilled lizards
  A giant cockroach zombie (D:6)
  10 kobolds
  A quokka skeleton (D:5)
  4 rats
  A fungus (Lair:3)
  A plant (Lair:6)
1608 creatures vanquished.

Vanquished Creatures (others)
  A black mamba (Snake:4)
  A naga mage (Snake:1)
  A fire elemental (D:13)
  2 nagas (Snake:3)
  An ogre (Vaults:4)
  A boggart (Vaults:1)
  10 fungi
  25 plants
  13 toadstools (D:3)
55 creatures vanquished.

Grand Total: 1663 creatures vanquished

Notes
Turn   | Place    | Note
-------+----------+-------------------------------------------
     0 | D:1      | varam the Troll Monk began the quest for the Orb.
     0 | D:1      | Reached XP level 1. HP: 22/22 MP: 0/0
   114 | D:1      | Reached XP level 2. HP: 29/29 MP: 1/1
   305 | D:1      | Reached skill level 4 in Unarmed Combat
   417 | D:1      | Reached XP level 3. HP: 36/36 MP: 2/2
   601 | D:2      | Found a radiant altar of Vehumet.
   639 | D:2      | Found a shadowy altar of Dithmenos.
   850 | D:2      | Reached XP level 4. HP: 44/44 MP: 3/3
   879 | D:3      | Reached skill level 5 in Unarmed Combat
   912 | D:4      | Found an iron altar of Okawaru.
   919 | D:4      | Became a worshipper of Warmaster Okawaru
   919 | D:4      | Reached * piety under Okawaru
   919 | D:4      | Reached ** piety under Okawaru
  1007 | D:2      | Found a sacrificial altar of Ru.
  1007 | D:2      | Found a shimmering altar of Xom.
  1007 | D:2      | Found a hide-covered altar of Uskayaw.
  1075 | D:2      | Found a burning altar of Makhleb.
  1411 | D:3      | Noticed a centaur
  1422 | D:3      | Killed a centaur
  1422 | D:3      | Reached XP level 5. HP: 30/50 MP: 1/4
  1609 | D:3      | Reached skill level 6 in Unarmed Combat
  1726 | D:3      | Found a blossoming altar of Fedhas.
  1739 | D:3      | Noticed an oklob plant
  1883 | D:3      | Found a sparkling altar of Nemelex Xobeh.
  1966 | D:3      | Found a faded altar of an unknown god.
  2189 | D:4      | Reached XP level 6. HP: 49/59 MP: 5/5
  2351 | D:5      | Entered Level 5 of the Dungeon
  2581 | D:4      | Reached *** piety under Okawaru
  2617 | D:4      | Found a snail-covered altar of Cheibriados.
  2669 | D:4      | Got a steaming robe
  2680 | D:4      | Identified the cursed +0 robe of Twilight {rPois MP+9} (You found it on level 4 of the Dungeon)
  2896 | D:5      | Reached skill level 7 in Unarmed Combat
  2896 | D:5      | Reached XP level 7. HP: 60/66 MP: 6/6
  3019 | D:5      | Found a snail-covered altar of Cheibriados.
  3625 | D:5      | Found a runed door.
  3629 | D:5      | Noticed Crazy Yiuf
  3634 | D:5      | Killed Crazy Yiuf
  4016 | D:4      | Reached skill level 5 in Dodging
  4128 | D:6      | Found a staircase to the Ecumenical Temple.
  4148 | D:5      | Reached skill level 8 in Unarmed Combat
  4148 | D:5      | Reached XP level 8. HP: 72/74 MP: 7/7
  4593 | D:7      | Reached skill level 1 in Invocations
  4657 | D:7      | Found a stormy altar of Qazlal.
  4657 | D:7      | Found a basalt altar of Yredelemnul.
  4716 | D:7      | Reached **** piety under Okawaru
  5517 | D:6      | Reached XP level 9. HP: 38/84 MP: 9/9
  5851 | D:6      | Reached skill level 9 in Unarmed Combat
  6345 | D:9      | Reached ***** piety under Okawaru
  6484 | D:8      | Found Ejoinun's Jewellery Shop.
  6667 | D:8      | Reached skill level 1 in Throwing
  7015 | D:8      | Reached skill level 5 in Fighting
  7015 | D:8      | Reached XP level 10. HP: 69/96 MP: 10/10
  7048 | D:8      | Received a gift from Okawaru
  7681 | D:9      | Got an iridescent flail
  7752 | D:9      | Received a gift from Okawaru
  7770 | D:9      | Reached skill level 10 in Unarmed Combat
  7873 | D:9      | Found a staircase to the Orcish Mines.
  8409 | D:10     | Entered Level 10 of the Dungeon
  8447 | D:10     | You fall through a shaft for 2 floors!
  8478 | D:11     | Noticed a cyclops
  8875 | D:11     | Noticed a purple ugly thing
  8881 | D:11     | Killed a purple ugly thing
  9015 | D:11     | Noticed Grum
  9034 | D:11     | Reached XP level 11. HP: 59/105 MP: 11/11
  9242 | D:11     | Killed Grum
  9611 | D:10     | Killed an unseen horror
  9611 | D:10     | Reached skill level 10 in Dodging
  9614 | D:10     | Noticed a hill giant
  9831 | D:10     | Killed a hill giant
  9831 | D:10     | Reached skill level 5 in Throwing
 10002 | D:10     | Noticed a hill giant
 10009 | D:10     | Killed a hill giant
 10014 | D:10     | Received a gift from Okawaru
 10069 | D:10     | Identified the cursed +2 flail of Zoruun {antimagic, rPois Dex-5 SInv Stlth+} (You found it on level 9 of the Dungeon)
 10315 | D:10     | Found a staircase to the Lair.
 10683 | Lair:1   | Entered Level 1 of the Lair of Beasts
 10779 | Lair:1   | Received a gift from Okawaru
 12044 | Lair:2   | Found a frozen archway.
 12147 | IceCv    | Entered an ice cave
 12147 | IceCv    | Noticed a white ugly thing
 12160 | IceCv    | Killed a white ugly thing
 12160 | IceCv    | Reached XP level 12. HP: 41/118 MP: 10/12
 12595 | IceCv    | Gained mutation: Armour fits poorly on your strangely shaped body. [mutagenic meat]
 12596 | IceCv    | Gained mutation: You have an increased reservoir of magic. (+10% MP) [mutagenic meat]
 12642 | Lair:2   | Noticed an eight-headed hydra
 12656 | Lair:2   | Killed an 11-headed hydra
 12672 | Lair:2   | Got an ancient rapier
 12673 | Lair:2   | Identified the +5 rapier of Doluh {freeze, rElec rN+ Str-2} (You found it on level 2 of the Lair of Beasts)
 12753 | Lair:2   | Found a staircase to the Snake Pit.
 12897 | Lair:2   | Noticed a seven-headed hydra
 12913 | Lair:2   | Killed a 12-headed hydra
 12913 | Lair:2   | Received a gift from Okawaru
 12913 | Lair:2   | Reached skill level 11 in Unarmed Combat
 12913 | Lair:2   | Reached skill level 1 in Evocations
 13399 | Lair:2   | Noticed Harold
 13409 | Lair:2   | Killed Harold
 13432 | Lair:2   | Received a gift from Okawaru
 13794 | Lair:2   | Received a gift from Okawaru
 14180 | Lair:3   | Found a staircase to the Shoals.
 14464 | Lair:3   | Received a gift from Okawaru
 14469 | Lair:3   | Reached XP level 13. HP: 126/127 MP: 14/14
 15163 | Lair:4   | Gained mutation: You are resistant to hostile enchantments. (MR+) [potion of mutation]
 15163 | Lair:4   | Gained mutation: Your muscles are strong. (Str +2) [potion of mutation]
 15163 | Lair:4   | Gained mutation: Your system is resistant to poisons. (rPois) [potion of mutation]
 15182 | Lair:4   | Found a dark tunnel.
 15194 | Volcano  | Entered a volcano
 15202 | Volcano  | Received a gift from Okawaru
 15248 | Volcano  | Noticed p0werm0de's ghost (journeyman DsAs)
 15265 | Volcano  | Killed p0werm0de's ghost
 15270 | Volcano  | Reached ****** piety under Okawaru
 15270 | Volcano  | Received a gift from Okawaru
 15277 | Volcano  | Got a smoking hat {god gift}
 15288 | Volcano  | Identified the +2 hat "Fekysops" {rF+ rN+ Str+2} (Okawaru gifted it to you in a volcano)
 18212 | Lair:6   | Entered Level 6 of the Lair of Beasts
 18220 | Lair:5   | Received a gift from Okawaru
 18220 | Lair:5   | Reached skill level 1 in Armour
 18397 | Lair:6   | Received a gift from Okawaru
 18725 | Lair:6   | Reached XP level 14. HP: 135/137 MP: 16/16
 18810 | Lair:6   | Reached skill level 12 in Unarmed Combat
 18877 | Lair:6   | Found a staircase to the Slime Pits.
 19549 | Lair:6   | Received a gift from Okawaru
 19560 | Lair:6   | Got a silken robe {god gift}
 19620 | Lair:6   | Identified the +2 robe of Deesohog {rN+} (Okawaru gifted it to you on level 6 of the Lair of Beasts)
 20713 | Lair:6   | Reached skill level 10 in Throwing
 20747 | Lair:6   | Received a gift from Okawaru
 21400 | Lair:6   | Got a clouded granite ring
 21402 | Lair:6   | Got a scorched lapis lazuli ring
 21404 | Lair:6   | Identified the ring of Juke {AC+5 Dex+2} (You found it on level 6 of the Lair of Beasts)
 21406 | Lair:6   | Identified the ring "Vixzi" {rCorr rF+ rC- Dex+2} (You found it on level 6 of the Lair of Beasts)
 21780 | D:10     | Gained mutation: You occasionally shout uncontrollably at your foes. [potion of mutation]
 21780 | D:10     | Gained mutation: You are clumsy. (Dex -2) [potion of mutation]
 21939 | D:10     | Lost mutation: Your muscles are strong. (Str +2) [potion of cure mutation]
 21939 | D:10     | Lost mutation: You are resistant to hostile enchantments. (MR+) [potion of cure mutation]
 21939 | D:10     | Lost mutation: You are clumsy. (Dex -2) [potion of cure mutation]
 21939 | D:10     | Lost mutation: Armour fits poorly on your strangely shaped body. [potion of cure mutation]
 21939 | D:10     | Lost mutation: Your system is resistant to poisons. (rPois) [potion of cure mutation]
 21939 | D:10     | Lost mutation: You occasionally shout uncontrollably at your foes. [potion of cure mutation]
 22126 | Orc:1    | Entered Level 1 of the Orcish Mines
 22353 | Orc:1    | Found Taric's Weapon Boutique.
 22355 | Orc:1    | Found a shimmering altar of Xom.
 22656 | Orc:2    | Entered Level 2 of the Orcish Mines
 22697 | Orc:2    | Found a roughly hewn altar of Beogh.
 22750 | Orc:2    | Found a roughly hewn altar of Beogh.
 23016 | Orc:2    | Noticed an orc warlord
 23239 | Orc:2    | Killed an orc warlord
 23239 | Orc:2    | Received a gift from Okawaru
 23295 | Orc:2    | Found a staircase to the Elven Halls.
 23305 | Orc:2    | Found a roughly hewn altar of Beogh.
 23393 | Orc:2    | Found Elydeh's Antique Weapon Boutique.
 23394 | Orc:2    | Found a roughly hewn altar of Beogh.
 23397 | Orc:2    | Found Moxigh's Antique Armour Shop.
 23410 | Orc:2    | Reached skill level 10 in Fighting
 23429 | Orc:2    | Bought a runed cloak for 304 gold pieces
 23656 | Orc:2    | Found a roughly hewn altar of Beogh.
 23670 | Orc:2    | Found Cufeatat's Antique Armour Shop.
 23690 | Orc:2    | Bought quicksilver dragon scales for 1620 gold pieces
 23690 | Orc:2    | Bought a runed cloak for 283 gold pieces
 23846 | Orc:2    | Found a roughly hewn altar of Beogh.
 23917 | Orc:2    | Found a roughly hewn altar of Beogh.
 23924 | Orc:2    | Found Laestreurgh's Armour Shop.
 24066 | Orc:2    | Reached XP level 15. HP: 149/149 MP: 17/17
 24291 | D:9      | Received a gift from Okawaru
 24687 | D:11     | Received a gift from Okawaru
 24868 | D:12     | Found Sugryczu's Antique Weapon Emporium.
 25714 | D:13     | Got a scintillating bronze ring
 25730 | D:13     | Identified the ring of Zonex {rPois rC- Str+4 Int+4} (You found it on level 13 of the Dungeon)
 25838 | D:13     | Reached skill level 13 in Unarmed Combat
 25849 | D:13     | Noticed Azrael
 26093 | D:13     | Killed Azrael
 26200 | D:13     | Received a gift from Okawaru
 26602 | D:13     | Received a gift from Okawaru
 26839 | D:14     | Found a glowing golden altar of the Shining One.
 26867 | D:14     | Received a gift from Okawaru
 26955 | D:14     | Received a gift from Okawaru
 26958 | D:14     | Got a thick robe {god gift}
 27009 | D:14     | Identified the +1 robe "Gouxocu" {*Corrode rPois SInv} (Okawaru gifted it to you on level 14 of the Dungeon)
 27064 | D:14     | Reached skill level 5 in Armour
 27327 | D:14     | Found a sacrificial altar of Ru.
 27570 | D:14     | Noticed a fire giant
 27874 | D:14     | Killed a fire giant
 27911 | D:15     | Entered Level 15 of the Dungeon
 28653 | D:14     | Received a gift from Okawaru
 28944 | D:14     | Paralysed by a wizard for 6 turns
 28973 | D:14     | Received a gift from Okawaru
 28983 | D:14     | Got a dazzling hat {god gift}
 29015 | D:14     | Identified the +2 hat of Ufuydwof {*Drain rC+ rN+ rCorr Int+4} (Okawaru gifted it to you on level 14 of the Dungeon)
 29027 | D:14     | Found a gate to the Vaults.
 29133 | D:14     | Reached skill level 5 in Invocations
 29644 | D:15     | Reached XP level 16. HP: 157/158 MP: 20/20
 30063 | D:15     | Found a staircase to the Depths.
 30072 | D:15     | Identified the Tome of Shifting Feathers
 30076 | D:15     | Learned a level 2 spell: Repel Missiles
 30509 | Snake:1  | Entered Level 1 of the Snake Pit
 30515 | Snake:1  | Reached skill level 14 in Unarmed Combat
 30700 | Snake:1  | Reached skill level 1 in Charms
 30793 | Snake:1  | Received a gift from Okawaru
 30793 | Snake:1  | Reached skill level 1 in Spellcasting
 31113 | Snake:1  | Received a gift from Okawaru
 31230 | Snake:1  | Received a gift from Okawaru
 31820 | Snake:2  | Noticed Louise
 31901 | Snake:2  | Killed Louise
 32013 | Snake:2  | Received a gift from Okawaru
 32241 | Snake:2  | Received a gift from Okawaru
 32258 | Snake:2  | Got a twisted robe {god gift}
 32269 | Snake:2  | Identified the +0 robe "Zoqoros" {-Cast rN+ MP+9 Str+6 Dex-4} (Okawaru gifted it to you on level 2 of the Snake Pit)
 32486 | Snake:2  | Reached skill level 15 in Dodging
 34037 | Snake:3  | Received a gift from Okawaru
 34037 | Snake:3  | Reached skill level 1 in Shields
 34037 | Snake:3  | Reached XP level 17. HP: 63/166 MP: 22/22
 34040 | Snake:3  | Got a heavy robe {god gift}
 34277 | Snake:3  | Reached skill level 15 in Unarmed Combat
 34542 | Snake:3  | Identified the +1 robe of Ibeenur {Str+4 Stlth+} (Okawaru gifted it to you on level 3 of the Snake Pit)
 34766 | Snake:3  | Gained mutation: You are robust. (+10% HP) [mutagenic meat]
 34905 | Snake:4  | Entered Level 4 of the Snake Pit
 35214 | Snake:4  | Received a gift from Okawaru
 35268 | Snake:4  | Received a gift from Okawaru
 36058 | Snake:4  | Reached skill level 16 in Unarmed Combat
 36875 | Snake:4  | Received a gift from Okawaru
 36878 | Snake:4  | Got a brightly glowing cloak {god gift}
 36889 | Snake:4  | Identified the +2 cloak of Ropnisk {*Corrode Int+6 Dex+2} (Okawaru gifted it to you on level 4 of the Snake Pit)
 37011 | Snake:4  | Found a sparkling altar of Nemelex Xobeh.
 37331 | Snake:4  | Reached XP level 18. HP: 144/193 MP: 16/23
 37561 | Snake:4  | Reached skill level 17 in Unarmed Combat
 37656 | Snake:4  | Found a burning altar of Makhleb.
 38093 | Snake:4  | Got a serpentine rune of Zot
 38179 | Snake:3  | Received a gift from Okawaru
 38398 | D:10     | Identified a +1 rod of ignition (14/14) (You took it off a naga warrior on level 4 of the Snake Pit)
 38487 | Shoals:1 | Entered Level 1 of the Shoals
 38608 | Shoals:1 | Received a gift from Okawaru
 38629 | Shoals:1 | Got a thick robe {god gift}
 38866 | Shoals:1 | Noticed Josephine
 38879 | Shoals:1 | Killed Josephine
 38905 | Shoals:1 | Identified the +0 robe "Siudutat" {rPois} (Okawaru gifted it to you on level 1 of the Shoals)
 39631 | Shoals:2 | Found Akauskiutt's Food Emporium.
 39733 | Shoals:2 | Reached skill level 18 in Unarmed Combat
 40934 | Shoals:4 | Entered Level 4 of the Shoals
 40934 | Shoals:4 | Found Dets's Gadget Shop.
 40934 | Shoals:4 | Noticed Polyphemus
 41218 | Shoals:3 | Received a gift from Okawaru
 41306 | Shoals:4 | Received a gift from Okawaru
 41324 | Shoals:4 | Found Xyneqoi's Magic Scroll Shoppe.
 41348 | Shoals:4 | Found Jogeng Buta's Antique Weapon Shoppe.
 41446 | Shoals:4 | Bought a wand of teleportation (7/9) for 561 gold pieces
 41543 | Shoals:4 | Reached skill level 19 in Unarmed Combat
 41564 | Shoals:4 | Got a sparkling tin ring
 41566 | Shoals:4 | Identified the ring of Gim Nitz {Wiz rPois SInv} (You found it on level 4 of the Shoals)
 41589 | Shoals:4 | Noticed Ilsuiw
 41630 | Shoals:4 | Killed Ilsuiw
 41805 | Shoals:4 | Killed Polyphemus
 41805 | Shoals:4 | Received a gift from Okawaru
 42154 | Shoals:4 | Reached XP level 19. HP: 150/202 MP: 25/25
 42726 | Shoals:4 | Got a barnacled rune of Zot
 43731 | Vaults:1 | Entered Level 1 of the Vaults
 43824 | Vaults:1 | Paralysed by an ogre mage for 6 turns
 44085 | Vaults:1 | Reached skill level 5 in Evocations
 44497 | Vaults:2 | Gained mutation: Your system is resistant to poisons. (rPois) [potion of mutation]
 44497 | Vaults:2 | Gained mutation: Your mind is acute. (Int +2) [potion of mutation]
 44874 | Vaults:2 | Received a gift from Okawaru
 44900 | Vaults:2 | Found Beeffis's Antique Weapon Emporium.
 45164 | Vaults:2 | Received a gift from Okawaru
 45167 | Vaults:2 | Got an opalescent robe {god gift}
 45184 | Vaults:1 | Identified the +1 robe of Sloth {rC- Str+3 Int+6} (Okawaru gifted it to you on level 2 of the Vaults)
 45257 | Vaults:1 | Reached skill level 20 in Unarmed Combat
 46116 | Vaults:1 | Received a gift from Okawaru
 46321 | Vaults:1 | Received a gift from Okawaru
 46467 | Vaults:1 | Received a gift from Okawaru
 46471 | Vaults:1 | Reached XP level 20. HP: 208/211 MP: 26/26
 47399 | Vaults:2 | Got a twisted arbalest
 47400 | Vaults:2 | Identified the +4 arbalest of Descent {elec, rElec Int+4} (You found it on level 2 of the Vaults)
 47405 | Vaults:2 | Got a jewelled arbalest
 47406 | Vaults:2 | Identified the +9 arbalest of Makhleb's Generosity {velocity, Int+3} (You found it on level 2 of the Vaults)
 47894 | Vaults:2 | Gained mutation: Armour fits poorly on your strangely shaped body. [potion of mutation]
 47894 | Vaults:2 | Gained mutation: Scrolls take you a little longer to read. [potion of mutation]
 47895 | Vaults:2 | Lost mutation: Your system is resistant to poisons. (rPois) [potion of cure mutation]
 47895 | Vaults:2 | Lost mutation: Scrolls take you a little longer to read. [potion of cure mutation]
 47895 | Vaults:2 | Lost mutation: Your mind is acute. (Int +2) [potion of cure mutation]
 47895 | Vaults:2 | Lost mutation: Armour fits poorly on your strangely shaped body. [potion of cure mutation]
 47895 | Vaults:2 | Lost mutation: You are robust. (+10% HP) [potion of cure mutation]
 48086 | Vaults:2 | Reached skill level 21 in Unarmed Combat
 48263 | Vaults:2 | Gained mutation: You can translocate small distances at will. [a shining eye]
 48488 | Vaults:3 | Found Ystrang's Antique Armour Boutique.
 48678 | Vaults:3 | Received a gift from Okawaru
 49202 | Vaults:4 | Noticed Boris
 49215 | Vaults:4 | Killed Boris
 49215 | Vaults:4 | Received a gift from Okawaru
 49460 | Vaults:3 | Found Etolas Modo's Armour Emporium.
 49571 | Vaults:3 | Found a staircase to the Crypt.
 49571 | Vaults:3 | Found an ancient bone altar of Kikubaaqudgha.
 49572 | Vaults:3 | Found a basalt altar of Yredelemnul.
 50326 | Vaults:3 | Reached skill level 5 in Shields
 50339 | Vaults:3 | Received a gift from Okawaru
 50366 | Vaults:3 | Got a fine triple sword {god gift}
 50367 | Vaults:3 | Identified the +5 triple sword of the Tomato {speed, rN+ Str+5 Int-3} (Okawaru gifted it to you on level 3 of the Vaults)
 51048 | Vaults:4 | Found Gudgh's Antique Armour Boutique.
 51054 | Vaults:4 | Bought a glowing shield for 420 gold pieces
 51054 | Vaults:4 | Bought a glowing shield for 420 gold pieces
 51411 | Vaults:4 | Reached XP level 21. HP: 200/200 MP: 27/27
 51420 | Vaults:4 | Found Joyn's Food Shoppe.
 51508 | Vaults:4 | Reached skill level 22 in Unarmed Combat
 51603 | Vaults:4 | Found Qyrynox's Distillery.
 51611 | Vaults:4 | Bought a potion of curing for 51 gold pieces
 51611 | Vaults:4 | Bought a potion of heal wounds for 85 gold pieces
 51635 | Vaults:4 | Noticed Sojobo
 51697 | Vaults:4 | Killed Sojobo
 51697 | Vaults:4 | Received a gift from Okawaru
 52014 | Vaults:4 | Received a gift from Okawaru
 52018 | Vaults:4 | Found Sosuc's Armour Shop.
 52663 | Depths:1 | Entered Level 1 of the Depths
 52680 | Depths:1 | Paralysed by a great orb of eyes for 7 turns
 52690 | Depths:1 | Received a gift from Okawaru
 53405 | Depths:1 | Found a one-way gate to the infinite horrors of the Abyss.
 53429 | Depths:2 | Found a gateway to Hell.
 53442 | Depths:1 | Killed from afar by a fire giant

Vault maps used:
D:1:      saegor_arrival_miasma
D:2:      nicolae_overflow_quartered_altars, nicolae_dithmenos_shadow_blocks,
          vehumet_crystals, minmay_misc_feat_rows
D:3:      nemelex_xobeh_ov_fountains_minmay, tgw_fedhas, ecumenical_altar_1,
          minmay_misc_feat_roman
D:4:      cheibriados_altar_1, okawaru_gym_becter
D:5:      basic_altar, first_bread, uniq_crazy_yiuf_cottage
D:7:      gammafunk_temple_overflow_pools, kennysheep_generic_room_10
D:8:      serial_shops, shop, grunt_livestock
D:9:      erik_orc_1, hangedman_decor_clover_reticule
D:10:     minmay_lair_entry_lava, kennysheep_kite_vault
D:11:     enter_bailey_3, serial_bayou_pond_c, minmay_radiant, uniq_grum
D:12:     serial_shops, shop_coins
D:13:     patterned_corridor, uniq_azrael
D:14:     evilmike_diamond_2, grunt_vaults_entry_tiered, lemuel_doored_altar,
          spider_trap, nicolae_ru_the_path_less_chosen
D:15:     grunt_enter_depths_magical_seal
Lair:1:   grunt_megastairs_3
Lair:2:   guppyfry_snake_entry_island, portal_ice_cave_entry_ice_beasts,
          uniq_harold
Lair:3:   minmay_shoals_entry_centaurs, grunt_megastairs_1
Lair:4:   enter_volcano_2, beast_lair_carwin_2, grunt_megastairs_2
Lair:5:   serial_bayou_crossing
Lair:6:   evilmike_catoblepas_cave, dpeg_slime_entry_corner,
          nicolae_lair_grove_arrangements, grunt_megastairs_4
Shoals:1: nicolae_shoals_so_close, uniq_josephine
Shoals:2: serial_shops, nicolae_shop_stone
Shoals:3: nicolae_shoals_flooded_hall
Shoals:4: shoals_end_simple, shoal_ilsuiw, serial_shops,
          nicolae_shop_waterfront, shop, nicolae_shop_trees, uniq_polyphemus
Snake:2:  st_stairs_6, nicolae_large_snake_swirl, uniq_louise
Snake:3:  st_stairs_13
Snake:4:  grunt_snake_rune_pools, hangedman_feature_mirror, spider_trap,
          st_stairs_4
Orc:1:    basic_altar, serial_shops, shop
Orc:2:    grunt_orc_community_town_hall, grunt_orc_community_big_house_2,
          grunt_orc_community_big_house_2, grunt_orc_community_house_1,
          grunt_orc_community_house_1, grunt_orc_community_house_3,
          grunt_orc_community_house_3, grunt_orc_community_house_2
Vaults:1: nicolae_vaults_border_crossing, vaults_room_hangedman_quadrants,
          v_misc_26, vaults_room_corners, hangedman_vaults_trim, v_misc_25,
          vaults_dpeg_diagonal, v_misc_10, ontoclasm_vaults_loading_screen,
          ontoclasm_vaults_shuriken, nicolae_vaults_shelves_hall,
          nicolae_vaults_ring_of_whatevers
Vaults:2: st_hourglassy, v_rooms_1, ontoclasm_vaults_eye,
          nicolae_vaults_little_squares_1, nicolae_vaults_yaktaur_gun_rack,
          vaults_room_fours, serial_ice_b, nicolae_vaults_specimen_jars,
          serial_shops, shop_fountains
Vaults:3: vaults_standard_mumra_x, nicolae_vaults_minivaults,
          ontoclasm_vaults_misaligned, v_misc_19, v_misc_13, v_pattern_3,
          v_misc_5, v_misc_17, minmay_crypt_entry_necro_gods, v_misc_24,
          hangedman_vaults_pinch, nicolae_vaults_mini_display_case,
          vaults_room_fours, nicolae_vaults_theta, v_misc_23,
          nicolae_vaults_circle_grid_b, serial_shops, shop, nicolae_shop_stone
Vaults:4: serial_ice_g, v_misc_10, vaults_room_corners, v_alt_pattern_2,
          vaults_room_large_hall, v_alt_pattern_3, vaults_room_corners,
          v_rooms_3, nicolae_vaults_network_barrier, ontoclasm_vaults_idyll,
          ontoclasm_vaults_loading_screen, nicolae_vaults_circle_grid_a,
          ontoclasm_vaults_gateway, serial_shops, shop, shop, shop,
          nicolae_shop_crystal, uniq_boris, uniq_sojobo
Depths:1: grunt_decor_one_mirror, abyss_entry_small_statue_room,
          grunt_mini_vestibule, minmay_crystal_box, minmay_shop_grove
Depths:2: wad_cavern_with_rooms, hell_entry, lightli_enter_wizlab_magi_temple,
          due_unseen_surprise, uniq_saint_roka
IceCv:    ice_cave_statue_garden_teleport
Volcano:  volcano_tomb

Skill      XL: |  1  2  3  4  5  6  7  8  9 10 11 12 13 14 15 16 17 18 19 20 21 |
---------------+----------------------------------------------------------------+-----
Unarmed Combat | 4 5 6 7 8 9 10 11 12 13 14 16 19 20 21 22 | 22.5
Dodging        | 3 4 5 6 8 9 11 12 13 14 15 | 15.8
Invocations    | 2 5 6 |  6.2
Fighting       | 3 5 6 7 8 10 | 10.7
Throwing       | 2 4 6 7 9 10 11 12 | 12.4
Evocations     | 1 2 6 |  6.8
Armour         | 2 4 5 6 8 9 |  9.9
Charms         | 2 |  2.0
Spellcasting   | 2 |  2.0
Shields        | 1 3 5 |  5.4
Stealth        | |  1.0
Air Magic      | |  0.4

Action                   |  1- 3 |  4- 6 |  7- 9 | 10-12 | 13-15 | 16-18 | 19-21 || total
-------------------------+-------+-------+-------+-------+-------+-------+-------++-------
Melee: Unarmed           |    86 |   132 |   299 |   741 |  1435 |  1488 |  1472 ||  5653
       Punch             |     1 |     7 |    16 |    55 |   141 |   182 |   224 ||   626
Throw: Stone             |       |       |     8 |     1 |       |       |       ||     9
       Tomahawk          |       |       |       |    38 |    28 |    11 |    19 ||    96
       Large rock        |       |       |       |     4 |   129 |   332 |    70 ||   535
       Javelin           |       |       |       |     2 |    16 |    74 |   131 ||   223
       Throwing net      |       |       |       |       |     1 |     2 |     1 ||     4
 Cast: Repel Missiles    |       |       |       |       |       |    12 |    10 ||    22
Invok: Heroism           |       |     3 |    11 |    22 |    17 |    17 |    16 ||    86
       Finesse           |       |       |       |     2 |     4 |     4 |     3 ||    13
 Abil: Blink             |       |       |       |       |       |       |     1 ||     1
Evoke: Wand              |       |       |       |     2 |       |       |     4 ||     6
       Lamp of fire      |       |       |       |       |       |       |     2 ||     2
       Box of beasts     |       |       |       |       |       |       |     1 ||     1
  Use: Scroll            |     2 |       |     2 |    14 |    17 |     4 |     7 ||    46
       Potion            |       |       |     1 |     1 |    12 |     2 |     5 ||    21
 Stab: Sleeping          |     2 |     6 |     1 |     6 |     4 |     1 |     2 ||    22
       Confused          |       |       |       |     3 |       |       |       ||     3
       Distracted        |       |       |       |       |     1 |       |     1 ||     2
       Petrified         |       |       |       |       |       |     3 |       ||     3
  Eat: Chunk             |    13 |    19 |    29 |    77 |   122 |   100 |    94 ||   454
       Beef jerky        |       |       |     1 |       |     1 |     3 |     1 ||     6
       Meat ration       |       |       |       |       |     1 |     2 |       ||     3
       Royal jelly       |       |       |       |       |     1 |       |     2 ||     3
       Bread ration      |       |       |       |       |       |     3 |       ||     3
       Pizza             |       |       |       |       |       |     1 |     1 ||     2
Armor: Robe              |    48 |    72 |    61 |    69 |     9 |       |       ||   259
       Troll leather arm |       |       |       |    85 |    57 |       |       ||   142
       Swamp dragon scal |       |       |       |       |    79 |       |       ||    79
       Quicksilver drago |       |       |       |       |   207 |   573 |   472 ||  1252
       Mottled dragon sc |       |       |       |       |     6 |       |       ||     6
Dodge: Dodged            |    65 |    98 |   220 |   523 |  1123 |  1421 |  1089 ||  4539
       Deflected         |       |       |       |       |       |    19 |    13 ||    32
Block: Large shield      |       |       |       |       |       |     6 |       ||     6
       Shield            |       |       |       |       |       |       |     6 ||     6
